 Dungeon Crawl Stone Soup version 0.22.1-1-ga44c0e56f4 (webtiles) character file.

5993 Ihlosi the Fighter (level 10, -16/123 HPs)
             Began as an Ogre Fighter on Oct 31, 2018.
             Was a High Priest of Okawaru.
             Demolished by an orc warrior
             ... wielding a +3 scimitar of electrocution
              (20 damage)
             ... on level 9 of the Dungeon.
             The game lasted 00:26:22 (10002 turns).

Ihlosi the Fighter (Ogre Fighter)                  Turns: 10002, Time: 00:26:22

Health: -16/123    AC:  4    Str: 22    XL:     10   Next: 85%
Magic:  13/13      EV:  9    Int: 14    God:    Okawaru [*****.]
Gold:   422        SH:  0    Dex: 15    Spells: 9/9 levels left

rFire    . . .     SeeInvis .   C - +8 autumn katana {slice, Clar}
rCold    . . .     Gourm    .   c - +0 shield
rNeg     . . .     Faith    .   R - +1 robe of the Blind Marksman {rPois Int+4}
rPois    +         Spirit   .   (helmet restricted)
rElec    .         Reflect  .   (no cloak)
rCorr    .         Harm     .   (gloves unavailable)
MR       +....     Clarity  +   (boots unavailable)
Stlth    ++........             (no amulet)
HPRegen  0.30/turn              V - +5 ring of dexterity
MPRegen  0.13/turn              O - ring of stealth

@: confused
A: large, unfitting armour, tough skin 1
a: Heroism, Finesse, Renounce Religion


You were on level 9 of the Dungeon.
You worshipped Okawaru.
Okawaru was extremely pleased with you.
You were not hungry.

You visited 2 branches of the dungeon, and saw 10 of its levels.
You also visited: Ossuary.

You collected 422 gold pieces.

Inventory:

Hand Weapons
 a - a +2 whip of venom
 b - a +0 flail of crushing
 e - a +0 flail
 h - a cursed -2 dagger
 i - a +2 dagger of protection
 j - a +1 short sword of holy wrath
 q - a +2 whip of electrocution
 w - a +5 dagger
 x - a +2 antimagic short sword
 C - the +8 autumn katana (weapon) {slice, Clar}
   (You found it on level 4 of the Dungeon)

   It inflicts extra damage upon your enemies.
   It protects you against confusion.
 I - a +0 giant spiked club
 L - a +1 dagger of chaos
 N - a +0 giant spiked club
Missiles
 A - 14 javelins (quivered)
 M - 8 steel javelins
Armour
 c - a +0 shield (worn)
 d - a +0 robe
 y - the +1 robe of Icohaass {rElec Str+4}
   (You found it on level 4 of the Dungeon)

   It affects your strength (+4).
   It insulates you from electricity.
 F - a +0 robe of cold resistance
 R - the +1 robe of the Blind Marksman (worn) {rPois Int+4}
   (Okawaru gifted it to you on level 9 of the Dungeon)

   It affects your intelligence (+4).
   It protects you from poison.
 S - a +0 troll leather armour
Jewellery
 o - an uncursed ring of flight
 D - a +3 ring of strength
 O - a ring of stealth (right hand)
 V - a +5 ring of dexterity (left hand)
Wands
 H - a wand of paralysis (13)
Scrolls
 g - 5 scrolls of enchant weapon {unknown}
 l - 3 scrolls of remove curse
 m - a scroll of amnesia {unknown}
 n - 5 scrolls of identify {unknown}
 p - a scroll of magic mapping {unknown}
 r - 4 scrolls of enchant armour {unknown}
 t - a scroll of summoning {unknown}
 u - a scroll of immolation {unknown}
 v - 5 scrolls of teleportation {unknown}
 B - a scroll of fog {unknown}
 E - 3 scrolls of blinking {unknown}
 J - a scroll of noise {unknown}
 Q - a scroll of vulnerability {unknown}
 T - a scroll of holy word {unknown}
 U - a scroll of acquirement {unknown}
Potions
 k - a potion of flight
 s - a potion of degeneration
 z - a potion of haste
 G - 2 potions of agility
 K - 5 potions of curing
 P - a potion of ambrosia
Comestibles
 f - 11 rations


   Skills:
 + Level 14.9 Fighting
 * Level 8.6 Maces & Flails
 - Level 3.0 Dodging
 - Level 3.0 Shields
 - Level 4.0 Invocations
 - Level 3.0 Evocations


You had 9 spell levels left.
You didn't know any spells.
Your spell library contained the following spells:

 Spells                   Type           Power        Failure   Level  Hunger
 Corona                   Hex            #......      71%         1    ##.....
 Flame Tongue             Conj/Fire      #....        71%         1    ##.....
 Ensorcelled Hibernation  Hex/Ice        #.....       85%         2    ###....
 Poisonous Vapours        Pois/Air       #.....       85%         2    ###....
 Throw Flame              Conj/Fire      #.....       85%         2    ###....
 Confuse                  Hex            #.......     97%         3    ####...
 Conjure Flame            Conj/Fire      #.......     97%         3    ####...
 Dazzling Spray           Conj/Hex       #.....       97%         3    ####...
 Inner Flame              Hex/Fire       #.......     97%         3    ####...
 Mephitic Cloud           Conj/Pois/Air  #.......     97%         3    ####...
 Tukima's Dance           Hex            #.......     97%         3    ####...
 Sticky Flame             Conj/Fire      #.......     100%        4    #####..
 Fireball                 Conj/Fire      #.........   100%        5    ######.
 Freezing Cloud           Conj/Ice/Air   #.........   100%        6    #######
 Ring of Flames           Chrm/Fire      #.........   100%        7    #######


Dungeon Overview and Level Annotations

Branches:
Dungeon (9/15)             Temple (1/1) D:7             Orc (0/2) D:9
   Lair: D:8-11

Altars:
Ashenzari
Cheibriados
Dithmenos
Elyvilon
Fedhas
Gozag
Hepliaklqana
Kikubaaqudgha
Makhleb
Nemelex Xobeh
Okawaru
Qazlal
Ru
Sif Muna
Trog
Uskayaw
Vehumet
Wu Jian
Xom
Yredelemnul
Zin
The Shining One

Shops:
D:7 [

Annotations:
D:9 Gastronok


Innate Abilities, Weirdness & Mutations

You are too large for most types of armour.
You have tough skin. (AC +1)


Message History

The orc warrior hits you with a scimitar of electrocution!
You are electrocuted!
You slash the orc warrior!
The orc warrior is severely wounded.
You block the orc's attack.
The orc warrior hits you with a scimitar of electrocution!!
* * * LOW HITPOINT WARNING * * *
You are electrocuted!
* * * LOW HITPOINT WARNING * * *
You block the orc's attack.
There is an open door here.
It was a potion of ambrosia.
You are confused.
You feel invigorated. The orc warrior barely misses you.
You hit the orc warrior.
The orc warrior is almost dead.
The orc warrior hits you with a scimitar of electrocution!!
* * * LOW HITPOINT WARNING * * *
You are electrocuted!
You die...

############
#..........#############
#..........##..........#
#..........##.........>###
#..........##.........('.###
#..........##..........#...#
#..........##..........###oo
#..........##.o........# ##o
#..........@oo.o.o.....# #.
#....).....##..........# ##
#..........#######+#####
#..........# ####..######
#######...### #...........#
# #...........# #.
#..........<# #####.#####.


You could see an orc warrior and 4 orcs.

Vanquished Creatures
  2 two-headed ogres (D:8)
  Pikel (D:5)
  A komodo dragon (D:7)
  A troll (D:9)
  A hippogriff (D:7)
  A hungry ghost (D:8)
  Edmund (D:4)
  Menkaure (D:4)
  4 slaves (D:5)
  An ice beast (D:5)
  4 orc warriors
  4 sky beasts
  5 ogres
  A necrophage (D:8)
  4 centaurs
  3 bullfrogs
  2 elf skeletons (D:8)
  2 scorpions
  2 howler monkeys
  3 crimson imps
  A centaur zombie (Ossuary)
  2 hounds
  3 orc priests
  A human zombie (Ossuary)
  A bullfrog skeleton (D:4)
  A centaur skeleton (D:7)
  A jelly (D:5)
  2 human skeletons (D:8)
  3 orc wizards
  5 worker ants
  A killer bee zombie (D:8)
  4 big kobold zombies (Ossuary)
  A hound skeleton (D:6)
  2 mummies (Ossuary)
  A howler monkey zombie (D:7)
  3 worker ant zombies
  Robin (D:2)
  4 gnolls (D:3)
  8 adders
  4 shadow imps
  2 adder zombies (Ossuary)
  3 adder skeletons
  A worm (D:2)
  A dart slug (D:1)
  6 leopard geckos
  22 orcs
  5 bats
  6 giant cockroaches
  17 goblins
  5 hobgoblins
  8 jackals
  10 kobolds
  5 quokkas
  3 frilled lizards
  A goblin zombie (Ossuary)
  8 hobgoblin zombies (Ossuary)
  2 jackal zombies
  13 kobold zombies (Ossuary)
  2 orc skeletons (D:8)
  5 orc zombies (Ossuary)
  8 rats
  A rat zombie (Ossuary)
  A fungus (D:8)
228 creatures vanquished.

Notes
Turn   | Place    | Note
-------+----------+-------------------------------------------
     0 | D:1      | Ihlosi the Ogre Fighter began the quest for the Orb.
     0 | D:1      | Reached XP level 1. HP: 24/24 MP: 1/1
    30 | D:1      | Reached XP level 2. HP: 21/33 MP: 2/2
   649 | D:1      | Reached XP level 3. HP: 35/40 MP: 3/3
  1519 | D:2      | Reached skill level 5 in Fighting
  1701 | D:2      | Noticed Robin
  1728 | D:2      | Reached XP level 4. HP: 50/50 MP: 4/4
  1734 | D:2      | Killed Robin
  2430 | D:3      | Found a deep blue altar of Sif Muna.
  2723 | D:3      | Reached XP level 5. HP: 47/58 MP: 5/5
  2869 | D:3      | Found a radiant altar of Vehumet.
  3260 | D:3      | Found an iron altar of Okawaru.
  3263 | D:3      | Found a shattered altar of Ashenzari.
  3267 | D:3      | Became a worshipper of Warmaster Okawaru
  3273 | D:3      | Found a basalt altar of Yredelemnul.
  3330 | D:3      | Reached skill level 6 in Fighting
  3345 | D:3      | Reached XP level 6. HP: 34/67 MP: 6/6
  3659 | D:4      | Reached skill level 1 in Invocations
  3771 | D:4      | Got a fine robe
  3782 | D:4      | Identified the +1 robe of Icohaass {rElec Str+4} (You found
                  | it on level 4 of the Dungeon)
  3797 | D:4      | Noticed Edmund
  3804 | D:4      | Killed Edmund
  3804 | D:4      | Reached * piety under Okawaru
  3804 | D:4      | Reached skill level 1 in Evocations
  3817 | D:4      | Noticed Menkaure
  4150 | D:4      | Found an opulent altar of Gozag.
  4259 | D:5      | Entered Level 5 of the Dungeon
  4284 | D:4      | Killed Menkaure
  4284 | D:4      | Reached skill level 7 in Fighting
  4284 | D:4      | Reached XP level 7. HP: 40/78 MP: 8/8
  4410 | D:4      | Found the +8 autumn katana {slice, Clar}
  4757 | D:5      | Reached ** piety under Okawaru
  4757 | D:5      | Reached skill level 5 in Maces & Flails
  4807 | D:5      | Noticed Pikel
  5025 | D:5      | Killed Pikel
  5025 | D:5      | Reached *** piety under Okawaru
  5025 | D:5      | Reached skill level 8 in Fighting
  5025 | D:5      | Reached XP level 8. HP: 64/89 MP: 8/10
  5176 | D:5      | Reached skill level 9 in Fighting
  5690 | D:6      | Reached skill level 10 in Fighting
  5785 | D:6      | Reached XP level 9. HP: 95/102 MP: 11/11
  5825 | D:6      | Reached **** piety under Okawaru
  5875 | D:6      | Reached skill level 11 in Fighting
  6343 | D:7      | HP: 5/105 [centaur/arrow (7)]
  6350 | D:7      | HP: 3/105 [centaur/arrow (7)]
  7064 | D:7      | Found Foefasti's Armour Shop.
  7106 | D:7      | Reached skill level 12 in Fighting
  7147 | D:7      | Found a glowing golden altar of the Shining One.
  7245 | D:7      | Noticed a komodo dragon
  7259 | D:7      | Killed a komodo dragon
  7644 | D:7      | Found a glowing silver altar of Zin.
  7756 | D:7      | Found a sacrificial altar of Ru.
  7956 | D:7      | Found a shimmering altar of Xom.
  7957 | D:7      | Found a burning altar of Makhleb.
  7962 | D:7      | Reached XP level 10. HP: 114/118 MP: 13/13
  8011 | D:7      | Found a staircase to the Ecumenical Temple.
  8050 | D:7      | Found a snail-covered altar of Cheibriados.
  8147 | Temple   | Entered the Ecumenical Temple
  8601 | D:8      | Reached skill level 13 in Fighting
  8653 | D:8      | Noticed a two-headed ogre
  8659 | D:8      | Killed a two-headed ogre
  8676 | D:8      | Reached ***** piety under Okawaru
  8676 | D:8      | Received a gift from Okawaru
  8789 | D:8      | Found a stormy altar of Qazlal.
  8790 | D:8      | Found a blossoming altar of Fedhas.
  8808 | D:8      | Noticed a two-headed ogre
  8825 | D:8      | Killed a two-headed ogre
  8825 | D:8      | Reached skill level 14 in Fighting
  8894 | D:8      | Found a sand-covered staircase.
  9018 | Ossuary  | Entered an ossuary
  9326 | D:9      | Noticed Gastronok
  9876 | D:9      | Received a gift from Okawaru
  9877 | D:9      | Got a tattered robe {god gift}
  9897 | D:8      | Identified the +1 robe of the Blind Marksman {rPois Int+4}
                  | (Okawaru gifted it to you on level 9 of the Dungeon)
  9961 | D:9      | Found a staircase to the Orcish Mines.
 10002 | D:9      | HP: 4/123 [orc warrior/scimitar of electrocution (20)]
 10002 | D:9      | Demolished by an orc warrior

Skill      XL: |  1  2  3  4  5  6  7  8  9 10 |
---------------+-------------------------------+-----
Shields        | 3 |  3.0
Maces & Flails | 2 3 4 5 6 7 8 |  8.6
Dodging        | 3 |  3.0
Fighting       | 5 6 7 8 10 12 14 | 14.9
Invocations    | 2 3 4 |  4.0
Evocations     | 1 2 3 |  3.0

Action                   |  1- 3 |  4- 6 |  7- 9 | 10-12 || total
-------------------------+-------+-------+-------+-------++-------
Melee: Flail             |    15 |       |       |       ||    15
       Whip              |    93 |   129 |    13 |       ||   235
       Katana            |       |       |   158 |   150 ||   308
Throw: Javelin           |       |     6 |       |       ||     6
  Use: Potion            |     3 |     1 |    10 |     2 ||    16
       Scroll            |       |       |     1 |       ||     1
 Stab: Sleeping          |       |       |     1 |     3 ||     4
       Distracted        |       |       |       |     3 ||     3
  Eat: Chunk             |     2 |     7 |    10 |       ||    19
       Ration            |       |     1 |       |     3 ||     4
Armor: Robe              |    13 |    16 |    34 |    26 ||    89
       Skin              |    11 |     7 |       |       ||    18
Dodge: Dodged            |    32 |    33 |    54 |    37 ||   156
Block: Shield            |    45 |    47 |    72 |    53 ||   217
       Rpst.: Katana     |       |       |    18 |    11 ||    29
